 Dungeon Crawl Stone Soup version 0.19.5 (webtiles) character file.

140 Maskull the Skirmisher (level 5, 0/47 HPs)
             Began as a Hill Orc Fighter on Apr 29, 2017.
             Was an Initiate of Beogh.
             Splashed by Ijyb's acid (10 damage)
             ... on level 3 of the Dungeon on May 6, 2017.
             The game lasted 00:07:27 (2359 turns).

Maskull the Skirmisher (Hill Orc Fighter)           Turns: 2359, Time: 00:07:28

Health: 0/47       AC:  3    Str: 20    XL:     5   Next: 22%
Magic:  5/5        EV:  7    Int:  8    God:    Beogh [......]
Gold:   113        SH:  9    Dex: 10    Spells: 0 memorised, 4 levels left

rFire  . . .     SeeInvis .     a - +0 trident
rCold  . . .     Gourm    .     b - +0 scale mail
rNeg   . . .     Faith    .     c - +0 shield
rPois  .         Spirit   .     (no helmet)
rElec  .         Reflect  .     (no cloak)
rCorr  .         Harm     .     (no gloves)
MR     .....                    (no boots)
Stlth  ..........               (no amulet)
                                (no ring)
                                (no ring)

@: corroded
A: no striking features
a: Renounce Religion


You were on level 3 of the Dungeon.
You worshipped Beogh.
Beogh was noncommittal.
You were not hungry.

You visited 1 branch of the dungeon, and saw 3 of its levels.

You collected 113 gold pieces.

Inventory:

Hand Weapons
 a - a +0 trident (weapon)
Armour
 b - a +0 scale mail (worn)
 c - a +0 shield (worn)
Jewellery
 k - an uncursed ring of see invisible {unknown}
 r - an uncursed ring of see invisible {unknown}
Wands
 m - a wand of disintegration (8/24)
Scrolls
 e - a scroll of enchant armour {unknown}
Potions
 g - a potion of curing
 h - a potion of brilliance {unknown}
 i - a potion of heal wounds {unknown}
 o - a potion of agility {unknown}
Comestibles
 f - 5 bread rations
 n - 3 fruits
 p - a royal jelly


   Skills:
 + Level 4.3 Fighting
 + Level 3.5 Polearms
 + Level 3.8 Armour
 + Level 0.5 Dodging
 + Level 0.3 Stealth
 + Level 4.1 Shields
 * Level 1.2 Evocations


You had 4 spell levels left.
You didn't know any spells.

Dungeon Overview and Level Annotations

Branches:
Dungeon (3/15)

Altars:
Trog

Annotations:
D:3 Ijyb


Message History

Anything else - Cancel.
Gang up on whom?
Press: ? - help, Dir - move target cursor, f - Ijyb
Aim: Ijyb, wielding a club and carrying a wand of acid {zapped: 1} (moderately wounded) Attack!
Ijyb misses you.
You closely miss Ijyb.
Ijyb is moderately wounded.
The orc hits Ijyb with a flail.
Ijyb hits you but does no damage.
You hit Ijyb.
Ijyb is severely wounded.
The orc misses Ijyb.
Ijyb hits you with a club.
You barely miss Ijyb.
Ijyb is severely wounded.
You block Ijyb's attack.
You closely miss Ijyb.
Ijyb is severely wounded.
Ijyb zaps a wand.
The bolt of acid hits you!
* * * LOW HITPOINT WARNING * * *
You are splashed with acid!
The acid burns!
You die...

#.##.......##.##.#
#.########.##.##.#
##'## ##.##.##.#
##...## #...).##.#
##.....## #.(#####.#
##.......## #...####.#
#.........###........#
+........<+...........
#....@o>..###........#
##..g....## ###......#
##ooo..## ###...##
......## ##.##
o####..# #.# #. #o.#
#.# # #..# #.# ....
..# .##


You could see Ijyb, a neutral orc priest (wandering), 2 neutral orc wizards and
3 neutral orcs.

Vanquished Creatures
  Terence (D:3)
  5 adders
  A worm (D:2)
  A dart slug (D:1)
  3 leopard geckos
  4 orcs (D:3)
  3 giant cockroaches
  9 goblins
  8 hobgoblins
  A quokka (D:3)
  4 bats
  4 frilled lizards
  8 kobolds
  7 rats
59 creatures vanquished.

Vanquished Creatures (others)
  3 orcs (D:3)
  A bat (D:3)
4 creatures vanquished.

Grand Total: 63 creatures vanquished

Notes
Turn   | Place    | Note
-------+----------+-------------------------------------------
     0 | D:1      | Maskull the Hill Orc Fighter began the quest for the Orb.
     0 | D:1      | Reached XP level 1. HP: 19/19 MP: 1/1
    52 | D:1      | Reached XP level 2. HP: 3/27 MP: 2/2
   767 | D:1      | Reached XP level 3. HP: 32/33 MP: 3/3
  1235 | D:2      | Reached XP level 4. HP: 34/40 MP: 4/4
  1483 | D:3      | Noticed Terence
  1912 | D:3      | Killed Terence
  1912 | D:3      | Reached skill level 1 in Evocations
  1912 | D:3      | Reached XP level 5. HP: 47/47 MP: 5/5
  1935 | D:3      | Found a bloodstained altar of Trog.
  2343 | D:3      | Became a worshipper of Beogh the Brigand
  2346 | D:3      | Noticed Ijyb
  2359 | D:3      | Splashed by Ijyb's acid

Skill      XL: |  1  2  3  4 |
---------------+-------------+-----
Fighting       | 4 |  4.3
Polearms       | 3 |  3.5
Shields        | 4 |  4.1
Evocations     | 1 |  1.2
Armour         | |  3.8
Dodging        | |  0.5
Stealth        | |  0.3

Action                   |  1- 3 |  4- 6 || total
-------------------------+-------+-------++-------
Melee: Trident           |   147 |   120 ||   267
Invok: Convert to Beogh  |       |     1 ||     1
  Use: Potion            |     1 |     1 ||     2
       Scroll            |     2 |     6 ||     8
  Eat: Meat ration       |     1 |       ||     1
Armor: Scale mail        |    62 |    31 ||    93
Dodge: Dodged            |    40 |    28 ||    68
Block: Shield            |    68 |    49 ||   117
